 Dungeon Crawl Stone Soup version 0.28.0-49-g6dfe1f597d (webtiles) character file.

Game seed: 16860689923790541742

10770 Zeld the Destroyer (level 11, -3/99 HPs)
             Began as a Green Draconian Conjurer on May 16, 2022.
             Was a Priest of Vehumet.
             Shot with a bolt by a tengu warrior (18 damage)
             ... on level 10 of the Dungeon.
             The game lasted 00:12:40 (13387 turns).

Zeld the Destroyer (Green Draconian Conjurer)      Turns: 13387, Time: 00:12:40

Health: -3/99      AC: 11    Str: 11    XL:     11   Next: 40%
Magic:  11/23      EV: 13    Int: 24    God:    Vehumet [***...]
Gold:   86         SH:  0    Dex:  9    Spells: 16/27 levels left

rFire   . . .      SeeInvis +   a - +7 trident of Discretion {venom, Int+2}
rCold   . . .      Faith    .   (no shield)
rNeg    . . .      Spirit   .   (armour unavailable)
rPois   +          Reflect  .   (helmet restricted)
rElec   .          Harm     .   D - +0 cloak
rCorr   .          Rampage  .   o - +1 pair of gloves
Will    .....                   n - +0 pair of boots
Stlth   +++.......              H - amulet of regeneration
HPRegen 1.06/turn               I - ring of see invisible
MPRegen 0.18/turn               (no ring)

@: no status effects
A: breathe noxious fumes, AC +7, unfitting armour, poison resistance,
cold-blooded
a: Breathe Noxious Fumes, Renounce Religion


You were on level 10 of the Dungeon.
You worshipped Vehumet.
Vehumet was most pleased with you.
You visited 2 branches of the dungeon, and saw 11 of its levels.
You also visited: Ossuary and Bailey.

You collected 695 gold pieces.
You spent 609 gold pieces at shops.

Inventory:

Hand Weapons
 a - the +7 trident of Discretion (weapon) {venom, Int+2}
   (You found it on level 10 of the Dungeon)

   It poisons the flesh of those it strikes.
   Int:       It affects your intelligence (+2).
Armour
 n - a +0 pair of boots (worn)
 o - a +1 pair of gloves (worn)
 D - a +0 cloak (worn)
Jewellery
 B - a ring of protection from fire
 H - an amulet of regeneration (around neck)
 I - a ring of see invisible (left hand)
Wands
 w - a wand of paralysis (3)
 x - a wand of mindburst (13)
 y - a wand of polymorph (10)
 E - a wand of charming (3)
 F - a wand of flame (17)
Scrolls
 e - 4 scrolls of teleportation {unknown}
 f - 5 scrolls of amnesia {unknown}
 g - 4 scrolls of fear {unknown}
 j - 2 scrolls of noise {unknown}
 l - 14 scrolls of identify {unknown}
 m - 4 scrolls of magic mapping {unknown}
 q - 3 scrolls of blinking {unknown}
 r - 2 scrolls of immolation {unknown}
 C - a scroll of fog {unknown}
 G - a scroll of enchant weapon {unknown}
Potions
 b - 3 potions of haste {unknown}
 c - 4 potions of curing {unknown}
 d - 2 potions of ambrosia {unknown}
 i - 4 potions of flight {unknown}
 k - 3 potions of resistance {unknown}
 p - a potion of brilliance {unknown}
 s - a potion of cancellation {unknown}
 t - 2 potions of degeneration {unknown}
 u - a potion of berserk rage {unknown}
 v - 3 potions of heal wounds {unknown}
 z - 2 potions of mutation {unknown}
 A - a potion of attraction {unknown}
 J - 2 potions of invisibility {unknown}


   Skills:
 * Level 9.9 Fighting
 + Level 6.0 Dodging
 + Level 6.5 Stealth
 * Level 8.6 Spellcasting
 * Level 10.1 Conjurations


You had 16 spell levels left.
You knew the following spells:

 Your Spells              Type           Power      Damage    Failure   Level
a - Magic Dart            Conj           100%       1d8       1%          1
b - Searing Ray           Conj           100%       2d8       1%          2
c - Fulminant Prism       Conj/Hex       17%        3d11      2%          4
d - Iskenderun's Mystic   Conj/Tloc      34%        2d8       2%          4

Your spell library contained the following spells:

 Spells                   Type           Power      Damage    Failure   Level
 Mephitic Cloud           Conj/Pois/Air  26%        N/A       1%          3
 Freeze                   Ice            40%        1d6       1%          1
 Dazzling Flash           Conj/Hex       68%        N/A       1%          3
 Scorch                   Fire           20%        2d6       2%          2
 Flame Wave               Conj/Fire      34%        2d8       2%          4
 Hailstorm                Conj/Ice       34%        3d9       2%          4
 Frozen Ramparts          Ice            20%        1d4       5%          3
 Slow                     Hex            40%        N/A       6%          1
 Ensorcelled Hibernation  Hex/Ice        20%        N/A       9%          2
 Call Canine Familiar     Summ           10%        N/A       19%         3
 Confusing Touch          Hex            10%        N/A       19%         3
 Portal Projectile        Hex/Tloc       20%        N/A       19%         3
 Spider Form              Tmut/Pois      10%        N/A       19%         3
 Vampiric Draining        Necr           10%        2d6       19%         3
 Anguish                  Hex/Necr       5%         N/A       52%         4
 Leda's Liquefaction      Hex/Erth       5%         N/A       52%         4
 Summon Forest            Summ/Tloc      5%         N/A       86%         5
 Summon Mana Viper        Hex/Summ       10%        N/A       86%         5
 Summon Cactus Giant      Summ           5%         N/A       100%        6


Dungeon Overview and Level Annotations

Branches:
Dungeon (10/15)            Temple (1/1) D:7            Lair (0/6) D:8
Ossuary (visited)          Bailey (visited)
    Orc: D:9-12

Altars:
Ashenzari
Cheibriados
Dithmenos
Elyvilon
Fedhas
Gozag
Hepliaklqana
Kikubaaqudgha
Makhleb
Nemelex Xobeh
Okawaru
Qazlal
Ru
Trog
Uskayaw
Vehumet
Wu Jian
Yredelemnul
Zin
The Shining One

Shops:
D:4 [   D:7 *   D:10 =

Annotations:
D:3 1 runed translucent door, Clownsaurus's ghost, amateur GrEE
D:4 3 runed translucent doors, Psyclone's ghost, novice OpTm
D:7 1 runed translucent door, issech's ghost, novice TrFi


Innate Abilities, Weirdness & Mutations

You can breathe blasts of noxious fumes.
Your lurid green scales are hard. (AC +7)
You cannot fit into any form of body armour.
Your system is resistant to poisons. (rPois)
You are cold-blooded and may be slowed by cold attacks.


Message History

Confirm with . or Enter, or press ? or * to list all spells.
Aiming: Searing Ray (safe; 1% risk of failure)
Press: ? - help, Shift-Dir - straight line, f - tengu warrior
Aim: a tengu warrior, wielding a +0 great sword, wearing a +0 ring mail, wearing a ring of wizardry and quivering bolts (moderately wounded, poisoned, 70% to hit)
The searing ray hits the tengu warrior!
The tengu warrior is moderately wounded. (Press . to maintain the ray.)
The tengu warrior unwields a +0 great sword.
The tengu warrior wields a +0 arbalest.
The tengu warrior shoots a bolt.
The bolt hits you!!
The searing ray misses the tengu warrior.
The tengu warrior shoots a bolt.
The bolt hits you!!
The searing ray hits the tengu warrior.
The tengu warrior is heavily wounded.
A centaur zombie comes into view.
The tengu warrior shoots a bolt.
The bolt hits you!
The searing ray hits the tengu warrior.
The tengu warrior is heavily wounded.
You finish channelling your searing ray.
The tengu warrior looks more healthy.
The tengu warrior shoots a bolt.
The bolt closely misses you.
Casting: Searing Ray (safe; 1% risk of failure)
Confirm with . or Enter, or press ? or * to list all spells.
You erupt in a blast of force!
The mystic blast hits the two-headed ogre!
The two-headed ogre is moderately wounded.
The two-headed ogre closely misses you.
The two-headed ogre completely misses you.
The tengu warrior shoots a bolt.
The bolt hits you!!
* * * LOW HITPOINT WARNING * * *
Unknown command.
Unknown command.
The tengu warrior shoots a bolt.
The bolt completely misses you.
Unknown command.
The tengu warrior shoots a bolt.
The bolt hits you!
* * * LOW HITPOINT WARNING * * *
Unknown command.
Okay, then.
The tengu warrior shoots a bolt.
The bolt hits you!!
You die...

#..#...#.....##
...#...Q..##..#
..............#
#...........####
..#...Z..........#
≈#...............#####
#≈..........##...##..##
#≈....##O...######....#
#≈...# #..@..†..##..>.##
#≈... #...............#
#≈.. ###..†..........## #≈.
###.............>## .≈.
#............##..#
.≈............#..##..#
#≈..###......###.#..##
#≈..(#......<........######
#≈..........<........##....


You could see a tengu warrior, a two-headed ogre and a centaur zombie.

Vanquished Creatures
  A two-headed ogre (D:8)
  An orc knight (Bailey)
  A deep elf pyromancer (Bailey)
  A gargoyle (D:10)
  An unseen horror (D:10)
  A komodo dragon (D:10)
  3 hornets
  A troll (D:10)
  Sigmund (D:4)
  A wraith (D:6)
  A wyvern (D:8)
  A basilisk (D:8)
  7 yaks
  2 vampire mosquitoes (D:10)
  A steam dragon (D:6)
  An acid dragon (D:9)
  2 water moccasins (D:7)
  3 ice beasts
  12 orc warriors
  A black bear (D:8)
  A necrophage (D:4)
  2 ogres
  4 centaurs
  4 elf zombies (Ossuary)
  3 bullfrogs
  3 scorpions
  7 killer bees (D:10)
  5 wights (D:8)
  A howler monkey (D:6)
  12 centaur zombies
  3 hounds (D:6)
  A human zombie (Ossuary)
  3 orc priests
  A bullfrog skeleton (D:6)
  6 iguanas
  5 orc wizards
  A killer bee zombie (D:8)
  A hound zombie (D:4)
  3 mummies (Ossuary)
  A howler monkey skeleton (D:7)
  A howler monkey zombie (D:6)
  9 gnolls
  4 adders
  A white imp (D:8)
  An adder skeleton (D:4)
  An adder zombie (D:4)
  4 worms
  A dart slug (D:1)
  37 orcs
  8 bats
  5 endoplasms
  3 giant cockroaches
  7 hobgoblins
  16 jackals
  5 quokkas
  7 ball pythons
  5 frilled lizards
  8 goblins
  11 kobolds
  2 rats (D:1)
246 creatures vanquished.

Vanquished Creatures (others)
  2 fungi (D:1)
  6 plants (D:1)
  6 withered plants
14 creatures vanquished.

Grand Total: 260 creatures vanquished

Notes
Turn   | Place    | Note
-------+----------+-------------------------------------------
     0 | D:1      | Zeld the Draconian Conjurer began the quest for the Orb.
     0 | D:1      | Reached XP level 1. HP: 14/14 MP: 3/3
   471 | D:1      | Reached XP level 2. HP: 16/22 MP: 5/5
   576 | D:1      | Reached skill level 1 in Fighting
   637 | D:1      | Learned a level 2 spell: Searing Ray
   748 | D:1      | Reached XP level 3. HP: 22/28 MP: 2/6
  1081 | D:1      | Found a faded altar of an unknown god.
  1987 | D:2      | Reached XP level 4. HP: 36/36 MP: 5/7
  2030 | D:2      | Identified the +11 whip "Ynamess" {speed, Fly rF+}
  3280 | D:3      | Reached XP level 5. HP: 41/41 MP: 9/9
  3281 | D:3      | Found a white marble altar of Elyvilon.
  3450 | D:3      | Found a runed translucent door.
  3450 | D:3      | Noticed Clownsaurus's ghost (amateur GrEE)
  3728 | D:3      | Reached skill level 5 in Conjurations
  4091 | D:4      | Reached XP level 6. HP: 45/51 MP: 9/11
  4096 | D:4      | Learned a level 4 spell: Fulminant Prism
  4104 | D:4      | Learned a level 4 spell: Iskenderun's Mystic Blast
  4284 | D:4      | Found a runed translucent gate.
  4284 | D:4      | Found a runed translucent gate.
  4284 | D:4      | Found a runed translucent gate.
  4284 | D:4      | Noticed Psyclone's ghost (novice OpTm)
  4286 | D:4      | Found a basalt altar of Yredelemnul.
  4329 | D:4      | Found a radiant altar of Vehumet.
  4369 | D:4      | Noticed Sigmund
  4379 | D:4      | Killed Sigmund
  4380 | D:4      | Your scales start taking on a lurid green colour.
  4380 | D:4      | Reached XP level 7. HP: 59/59 MP: 3/13
  4380 | D:4      | Gained mutation: Your system is resistant to poisons.
                  | (rPois) [Green Draconian growth]
  4536 | D:4      | Found Zimomat's Antique Armour Shoppe.
  4553 | D:4      | Bought a pair of boots for 90 gold pieces
  4604 | D:4      | Became a worshipper of Vehumet
  4860 | D:4      | Found an opulent altar of Gozag.
  5061 | D:5      | Entered Level 5 of the Dungeon
  5139 | D:5      | Reached skill level 6 in Conjurations
  5314 | D:5      | Found a sand-covered staircase.
  5324 | Ossuary  | Entered an ossuary
  5389 | Ossuary  | Reached XP level 8. HP: 65/67 MP: 14/14
  5400 | Ossuary  | Reached skill level 5 in Fighting
  5490 | Ossuary  | Reached skill level 5 in Spellcasting
  5601 | Ossuary  | Reached * piety under Vehumet
  5601 | Ossuary  | Offered knowledge of Shock by Vehumet.
  5851 | D:5      | Found an ornate altar of the Wu Jian Council.
  5957 | D:6      | Reached skill level 7 in Conjurations
  6121 | D:6      | Reached XP level 9. HP: 47/75 MP: 17/17
  6836 | D:7      | Found Jatubri's Assorted Antiques.
  6842 | D:7      | Bought a crooked bronze wand for 100 gold pieces
  6842 | D:7      | Bought a sedimented blue potion for 22 gold pieces
  6842 | D:7      | Bought a tubular brass ring for 125 gold pieces
  6842 | D:7      | Bought a scroll labelled YFOFAA IKYELUF for 25 gold pieces
  6842 | D:7      | Bought a viscous sapphire potion for 22 gold pieces
  7121 | D:7      | Found a staircase to the Ecumenical Temple.
  7148 | Temple   | Entered the Ecumenical Temple
  7758 | D:7      | Found a glowing silver altar of Zin.
  7791 | D:7      | Found a runed translucent door.
  7792 | D:7      | Noticed issech's ghost (novice TrFi)
  7910 | D:7      | Noticed a red ugly thing
  8615 | D:8      | Found a staircase to the Lair.
  8633 | D:8      | Reached skill level 8 in Conjurations
  8641 | D:8      | Reached skill level 5 in Stealth
  8985 | D:8      | Noticed a two-headed ogre
  8996 | D:8      | Killed a two-headed ogre
  8997 | D:8      | Reached XP level 10. HP: 88/88 MP: 5/20
  9208 | D:8      | Offered knowledge of Sandblast by Vehumet.
  9209 | D:8      | Reached ** piety under Vehumet
  9882 | D:8      | Found a large runed translucent door.
  9883 | D:8      | Found a large runed translucent door.
  9933 | D:8      | Found a shadowy altar of Dithmenos.
 10009 | D:8      | Found an iron altar of Okawaru.
 10017 | D:8      | Reached skill level 5 in Dodging
 10350 | D:9      | Found an ancient bone altar of Kikubaaqudgha.
 10551 | D:9      | Found a flagged portal.
 10573 | Bailey   | Entered a bailey
 10914 | Bailey   | Reached skill level 9 in Conjurations
 11022 | Bailey   | Noticed an orc knight
 11039 | Bailey   | Killed an orc knight
 11129 | Bailey   | Found a large runed translucent door.
 11129 | Bailey   | Found a large runed translucent door.
 11130 | Bailey   | Noticed a deep elf pyromancer
 11655 | Bailey   | Killed a deep elf pyromancer
 12019 | D:9      | Found a glowing golden altar of the Shining One.
 12030 | D:9      | Reached XP level 11. HP: 76/97 MP: 12/23
 12330 | D:10     | Entered Level 10 of the Dungeon
 12468 | D:10     | Offered knowledge of Mephitic Cloud by Vehumet.
 12682 | D:10     | Found Eraha's Jewellery Boutique.
 12755 | D:10     | Bought a ring of see invisible for 225 gold pieces
 12760 | D:10     | Identified the +7 trident of Discretion {venom, Int+2}
 12940 | D:10     | Found a broken altar of Ashenzari.
 13057 | D:10     | Reached skill level 10 in Conjurations
 13065 | D:10     | Reached *** piety under Vehumet
 13372 | D:10     | Noticed a tengu warrior
 13377 | D:10     | Noticed a two-headed ogre
 13387 | D:10     | Shot with a bolt by a tengu warrior

Illustrated notes

Levels and vault maps discovered:
D:1:      scummos_arrival_gate, layout_loops_ring,
          shapermc_ecumenical_altar_mp_ritualfount
D:2:      layout_basic, minmay_octomino_e4
D:3:      layout_loops_cross, mainiacjoe_overflow_concentric_impassable,
          gammafunk_ghost_grave, item_on_display_a
D:4:      layout_cave_pools, grunt_gozag_statues, mainiacjoe_overflow_alcove_2,
          nicolae_yredelemnul_ghost_church, serial_shops, shop_fountains,
          minmay_fractal_squares_gapless_5, uniq_sigmund
D:5:      layout_cave_pools, mainiacjoe_overflow_alcove_1,
          nicolae_ossuary_entry_ruins, nicolae_figureground_pulse
D:6:      layout_basic, kennysheep_diamond
D:7:      layout_cave_pools, lemuel_coloured_pillars_altar, led_sif_book,
          marbit_many_paths, temple_doors_e, ebering_ghost_reflecting_pool,
          serial_shops, nicolae_square_shop, kennysheep_generic_room_16
D:8:      layout_loops_ring, jmf_multi_god_temple2, david_lair_generic
D:9:      layout_gridville, overflow_temple_1_default,
          kiku_gazebo_garden_becter, enter_bailey_2, minmay_misc_feat_square
D:10:     cheibrodos_ideogram_h, layout_cave_pools,
          nicolae_overflow_crystal_walls, serial_shops, shop_statue,
          gammafunk_ghost_spectres
Temple:   jpeg_temple_island

Skill      XL: |  1  2  3  4  5  6  7  8  9 10 11 |
---------------+----------------------------------+-----
Fighting       | 1 2 3 4 6 7 9 |  9.9
Stealth        | 2 3 4 5 6 |  6.5
Dodging        | 2 3 4 5 6 |  6.0
Spellcasting   | 3 4 5 6 8 |  8.6
Conjurations   | 5 6 7 8 9 10 | 10.1

Action                   |  1- 3 |  4- 6 |  7- 9 | 10-12 || total
-------------------------+-------+-------+-------+-------++-------
Melee: Unarmed           |    86 |       |       |       ||    86
       Tailslap          |    13 |    15 |    34 |    29 ||    91
       Whip              |       |   100 |   294 |   177 ||   571
       Punch             |       |       |     7 |     2 ||     9
       Trident           |       |       |       |    51 ||    51
 Cast: Magic Dart        |    68 |     3 |       |       ||    71
       Searing Ray       |     2 |    10 |     9 |    12 ||    33
       Iskenderun's Myst |       |       |     6 |    63 ||    69
 Abil: Breathe Noxious F |       |       |       |     3 ||     3
Evoke: Wand              |       |       |       |    10 ||    10
 Stab: Sleeping          |       |     2 |     7 |     2 ||    11
Armor: Skin              |    42 |    33 |   111 |   144 ||   330
Dodge: Dodged            |    73 |    89 |   148 |   221 ||   531
